 Dungeon Crawl Stone Soup version 0.23.0 (webtiles) character file.

Game seed: 8354005831179743693

360 blaro the Chopper (level 6, -4/53 HPs)
             Began as a Minotaur Fighter on Feb 15, 2019.
             Was a Follower of Okawaru.
             Slain by Crazy Yiuf
             ... wielding a +4 quarterstaff of chaos
              (8 damage)
             ... on level 5 of the Dungeon.
             The game lasted 00:12:58 (3001 turns).

blaro the Chopper (Minotaur Fighter)                Turns: 3001, Time: 00:12:59

Health: -4/53      AC:  7    Str: 23    XL:     6   Next: 38%
Magic:  5/5        EV:  8    Int:  5    God:    Okawaru [*.....]
Gold:   39         SH: 10    Dex:  9    Spells: 5/5 levels left

rFire    . . .     SeeInvis .   a - +0 war axe
rCold    . . .     Gourm    .   c - +0 shield
rNeg     . . .     Faith    .   b - +0 scale mail
rPois    .         Spirit   .   (helmet restricted)
rElec    .         Reflect  .   (no cloak)
rCorr    .         Harm     .   (no gloves)
MR       .....                  (no boots)
Stlth    ..........             (no amulet)
HPRegen  0.17/turn              (no ring)
MPRegen  0.09/turn              (no ring)

@: slowed, very slow
A: retaliatory headbutt, horns 2
a: Heroism, Renounce Religion


You were on level 5 of the Dungeon.
You worshipped Okawaru.
Okawaru was aware of your devotion.
You were not hungry.

You visited 2 branches of the dungeon, and saw 6 of its levels.

You collected 39 gold pieces.

Inventory:

Hand Weapons
 a - a +0 war axe (weapon)
Armour
 b - a +0 scale mail (worn)
 c - a +0 shield (worn)
 e - a cursed +0 naga barding
 j - a +0 chain mail
 n - a scarf of cloud immunity
Jewellery
 i - an uncursed ring of resist corrosion {unknown}
 l - an uncursed ring of resist corrosion {unknown}
Wands
 q - a wand of iceblast (15)
 v - a wand of disintegration (4)
Scrolls
 h - a scroll of fear {unknown}
 k - a scroll of noise {unknown}
 m - 2 scrolls of identify {unknown}
 o - a scroll of immolation {unknown}
 p - a scroll of blinking {unknown}
 r - a scroll of remove curse {unknown}
 w - a scroll of enchant weapon {unknown}
Potions
 d - a potion of might
 g - a potion of agility {unknown}
 s - a potion of flight {unknown}
 t - a potion of curing {unknown}
 u - a potion of degeneration {unknown}
 x - 2 potions of magic {unknown}
Comestibles
 f - 2 rations


   Skills:
 + Level 4.7 Fighting
 + Level 5.8 Axes
 + Level 5.1 Armour
 + Level 0.6 Dodging
 + Level 4.6 Shields


You had 5 spell levels left.
You didn't know any spells.
Your spell library was empty.

Dungeon Overview and Level Annotations

Branches:
Dungeon (5/15)             Temple (1/1) D:4

Altars:
Dithmenos
Elyvilon
Fedhas
Gozag
Hepliaklqana
Kikubaaqudgha
Makhleb
Okawaru
Qazlal
Ru
Sif Muna
Uskayaw
Vehumet
Wu Jian
Xom
Yredelemnul
Zin
The Shining One

Annotations:
D:5 Crazy Yiuf


Innate Abilities, Weirdness & Mutations

You reflexively headbutt those who attack you in melee.
You have a pair of horns on your head.


Message History

Crazy Yiuf is lightly wounded.
Crazy Yiuf hits you with a +4 quarterstaff of chaos!
Crazy Yiuf freezes you.
Crazy Yiuf hits you with a +4 quarterstaff of chaos!
Crazy Yiuf burns you. You block Crazy Yiuf's attack.
You hit Crazy Yiuf.
You headbutt Crazy Yiuf, but do no damage.
Crazy Yiuf is moderately wounded.
You block Crazy Yiuf's attack. Crazy Yiuf barely misses you.
You block Crazy Yiuf's attack.
You slash Crazy Yiuf!
Crazy Yiuf is severely wounded.
You block Crazy Yiuf's attack. Crazy Yiuf barely misses you.
You furiously retaliate!
You headbutt Crazy Yiuf. You closely miss Crazy Yiuf.
Crazy Yiuf is severely wounded.
Crazy Yiuf hits you with a +4 quarterstaff of chaos!
* * * LOW HITPOINT WARNING * * *
Crazy Yiuf burns you!
You die...

#####
#..)#
#...#
#.g.#
#@#
♣♣.♣
♣.♣♣
♣♣.♣
♣.♣♣
♣♣.♣♣
♣...♣♣
#####
♣....♣
#...#
#....#


You could see Crazy Yiuf (berserk).

Vanquished Creatures
  Menkaure (D:4)
  3 orc priests (D:4)
  A bullfrog skeleton (D:4)
  A centaur skeleton (D:4)
  An adder (D:3)
  An adder skeleton (D:4)
  3 worms (D:2)
  2 dart slugs
  3 leopard geckos
  14 orcs
  3 giant cockroaches
  4 goblins
  6 hobgoblins
  3 jackals (D:1)
  3 kobolds
  A quokka (D:3)
  4 bats
  4 frilled lizards
  3 rats
61 creatures vanquished.

Notes
Turn   | Place    | Note
-------+----------+-------------------------------------------
     0 | D:1      | blaro the Minotaur Fighter began the quest for the Orb.
     0 | D:1      | Reached XP level 1. HP: 19/19 MP: 0/0
   229 | D:1      | Reached XP level 2. HP: 16/27 MP: 1/1
   686 | D:2      | Reached XP level 3. HP: 5/33 MP: 2/2
  1451 | D:3      | Reached XP level 4. HP: 40/40 MP: 3/3
  1830 | D:4      | HP: 1/40 [orc priest/+0 hand axe (8)]
  1831 | D:4      | Reached XP level 5. HP: 1/47 MP: 4/4
  2217 | D:4      | Found a staircase to the Ecumenical Temple.
  2223 | Temple   | Entered the Ecumenical Temple
  2345 | Temple   | Became a worshipper of Warmaster Okawaru
  2451 | D:4      | HP: 2/47 [orc priest/divine providence (14)]
  2452 | D:4      | Reached skill level 5 in Axes
  2927 | D:4      | Noticed Menkaure
  2934 | D:4      | Killed Menkaure
  2934 | D:4      | Reached * piety under Okawaru
  2934 | D:4      | Reached skill level 5 in Armour
  2934 | D:4      | Reached XP level 6. HP: 49/53 MP: 5/5
  2955 | D:5      | Entered Level 5 of the Dungeon
  2990 | D:5      | Found a runed translucent door.
  2991 | D:5      | Noticed Crazy Yiuf
  3001 | D:5      | Slain by Crazy Yiuf

Skill      XL: |  1  2  3  4  5 |
---------------+----------------+-----
Armour         | 4 5 |  5.1
Fighting       | 4 |  4.7
Shields        | 4 |  4.6
Axes           | 3 4 5 |  5.8
Dodging        | |  0.6

Action                   |  1- 3 |  4- 6 || total
-------------------------+-------+-------++-------
Melee: War axe           |   101 |    49 ||   150
       Headbutt          |    17 |     8 ||    25
  Eat: Ration            |       |     2 ||     2
Armor: Scale mail        |    53 |    16 ||    69
Dodge: Dodged            |    45 |    16 ||    61
Block: Shield            |    66 |    32 ||    98
